[Event "1st 4NCL International U2050"]
[Site "Telford"]
[Date "2018.11.02"]
[Round "5"]
[White "Murphy, Ross"]
[Black "Aubury, Benjamin"]
[Result "0-1"]
[ECO "E62"]
[WhiteElo "1652"]
[BlackElo "1566"]
[Annotator "NA"]
[PlyCount "116"]
[EventDate "2018.10.31"]
[EventType "swiss"]
[EventCountry "GBR"]
[SourceTitle "playchess.com"]
[Source "ChessBase"]
[SourceQuality "1"]
[TimeControl "5400+30"]

1. Nf3 Nf6 2. g3 g6 3. Bg2 Bg7 4. c4 O-O 5. d4 Nc6 6. Nc3 d6 7. d5 Na5 8. Nd2 c5 9. dxc6 Nxc6 10. O-O a6 11. Rb1 Bf5 12. e4 Bd7 13. Nd5 Rc8 14. b3 Qa5 15. Nxf6+ Bxf6 16. Bb2 Qxa2 17. Bxf6 exf6 18. Nf3 Qa3 19. b4 Bg4 20. h3 Bxf3 21. Bxf3 Ne5 22. Rb3 Qa4 23. Bg2 Nxc4 24. Qd3 Ne5 25. Qd5 Rc4 26. Rfb1 Qc6 27. Qd1 Rc8 28. b5 axb5 29. Rxb5 Rc1 30. Rxc1 Qxc1 31. Qxc1 Rxc1+ 32. Kh2 Rc7 33. f4 Nc6 34. h4 Kf8 35. Kh3 Ke7 36. Kg4 h5+ 37. Kh3 Nd4 38. Rb2 b5 39. Rd2 Nc6 40. Rc2 Kd7 41. Rb2 b4 42. e5 fxe5 43. fxe5 dxe5 44. Bxc6+ Kxc6 45. Rxb4 Re7 46. Kg2 Kc5 47. Ra4 e4 48. Kf2 Kb5 49. Rd4 Kc5 50. Ra4 e3+ 51. Ke2 Kd5 52. Rf4 f5 53. Rf3 Re4 54. Rxe3 Kd4 55. Rxe4+ fxe4 56. Kd2 e3+ 57. Ke1 Ke5 58. Ke2 Ke4 0-1

[Event "1st 4NCL International U2050"]
[Site "Telford"]
[Date "2018.11.02"]
[Round "5"]
[White "Chung, Ethan Cheung Jing"]
[Black "Towers, Nigel S"]
[Result "0-1"]
[ECO "B13"]
[WhiteElo "1584"]
[BlackElo "1843"]
[Annotator "NA"]
[PlyCount "114"]
[EventDate "2018.10.31"]
[EventType "swiss"]
[EventCountry "GBR"]
[SourceTitle "playchess.com"]
[Source "ChessBase"]
[SourceQuality "1"]
[TimeControl "5400+30"]

1. e4 c6 2. d4 d5 3. exd5 cxd5 4. c4 Nf6 5. Nc3 Nc6 6. Nf3 Bg4 7. cxd5 Nxd5 8. Qb3 Bxf3 9. gxf3 e6 10. Qxb7 Nxd4 11. Bb5+ Nxb5 12. Qxb5+ Qd7 13. Qxd7+ Kxd7 14. Nxd5 exd5 15. Be3 Bb4+ 16. Ke2 Ba5 17. Rad1 Ke6 18. Rhg1 g6 19. Rd3 Rab8 20. b3 Bb6 21. Rgd1 Rhd8 22. f4 Rbc8 23. Kf3 Rc2 24. a4 Bxe3 25. Rxe3+ Kd6 26. Re5 Kc6 27. Re7 Rc3+ 28. Ke2 Rxb3 29. Rxf7 Rh3 30. Rxa7 d4 31. Ra5 Rc3 32. Rd3 Rc2+ 33. Kf3 Rc4 34. Ra7 Kc5 35. Rxh7 Rxa4 36. Rc7+ Kd5 37. Re7 Kc4 38. Rd1 Ra3+ 39. Ke2 d3+ 40. Ke1 Rd6 41. h4 Raa6 42. Rc7+ Kd4 43. Re7 Re6+ 44. Rxe6 Rxe6+ 45. Kf1 Kc3 46. Ra1 d2 47. Kg2 Kb2 48. Rd1 Kc2 49. Ra1 d1=Q 50. Rxd1 Kxd1 51. Kg3 Ke2 52. Kg4 Kxf2 53. f5 Re4+ 54. Kg5 gxf5 55. h5 f4 56. Kf5 Ra4 57. h6 f3 0-1

[Event "1st 4NCL International U2050"]
[Site "Telford"]
[Date "2018.11.03"]
[Round "6"]
[White "Whitehead, Mark A"]
[Black "Neatherway, A Philip"]
[Result "1/2-1/2"]
[ECO "B25"]
[WhiteElo "1945"]
[BlackElo "1813"]
[Annotator "NA"]
[PlyCount "84"]
[EventDate "2018.10.31"]
[EventType "swiss"]
[EventCountry "GBR"]
[SourceTitle "playchess.com"]
[Source "ChessBase"]
[SourceQuality "1"]
[TimeControl "5400+30"]

1. e4 c5 2. Nc3 Nc6 3. g3 g6 4. Bg2 Bg7 5. d3 d6 6. Nh3 e6 7. O-O Nge7 8. f4 O-O 9. Ne2 f5 10. c3 Qb6 11. Nf2 e5 12. Qc2 Be6 13. fxe5 dxe5 14. c4 Rad8 15. Bg5 h6 16. Bd2 Nd4 17. Nxd4 cxd4 18. b4 Qc7 19. Rae1 f4 20. Qd1 Qd7 21. a4 g5 22. g4 Ng6 23. b5 Nh4 24. Bf3 Bf6 25. Bb4 Rf7 26. Qe2 Bxc4 27. dxc4 d3 28. Nxd3 Qxd3 29. Rd1 Qxe2 30. Bxe2 f3 31. Rxd8+ Bxd8 32. Bd1 Rf4 33. h3 Rxe4 34. Bxf3 Nxf3+ 35. Rxf3 Rxc4 36. Rf8+ Kg7 37. Rxd8 Rxb4 38. Rd7+ Kf6 39. Rxb7 Rxa4 40. b6 axb6 41. Rxb6+ Kg7 42. Re6 Ra3 1/2-1/2

[Event "1st 4NCL International U2050"]
[Site "Telford"]
[Date "2018.11.03"]
[Round "6"]
[White "Benson, Paul J"]
[Black "Potter, Steven"]
[Result "1-0"]
[ECO "B00"]
[WhiteElo "1912"]
[BlackElo "1771"]
[Annotator "NA"]
[PlyCount "83"]
[EventDate "2018.10.31"]
[EventType "swiss"]
[EventCountry "GBR"]
[SourceTitle "playchess.com"]
[Source "ChessBase"]
[SourceQuality "1"]
[TimeControl "5400+30"]

1. e4 b6 2. d4 Bb7 3. f3 e5 4. d5 Bc5 5. Nc3 Bxg1 6. Rxg1 a6 7. g3 d6 8. Be3 Ne7 9. Qd2 Nd7 10. Nd1 b5 11. a4 O-O 12. axb5 axb5 13. Rxa8 Qxa8 14. Bxb5 Nb8 15. g4 Ba6 16. Bxa6 Qxa6 17. Qe2 Qb7 18. Kf2 c5 19. dxc6 Qxc6 20. Nc3 d5 21. Nxd5 Nxd5 22. exd5 Qxd5 23. Rd1 Qe6 24. Bc5 Re8 25. Rd6 Qc8 26. b4 Nd7 27. Qb5 Nxc5 28. Qxc5 Qxc5+ 29. bxc5 Rc8 30. Rd5 f6 31. Ke3 Kf7 32. Kd3 Rc7 33. Kc4 Ke7 34. Kb5 Rd7 35. Rxd7+ Kxd7 36. c6+ Kc7 37. Kc5 h5 38. h3 hxg4 39. hxg4 Kc8 40. Kd5 Kc7 41. c3 Kc8 42. Ke6 1-0

[Event "1st 4NCL International U2050"]
[Site "Telford"]
[Date "2018.11.03"]
[Round "6"]
[White "Wynarczyk, Raymond"]
[Black "Murphy, Ross"]
[Result "1-0"]
[ECO "C42"]
[WhiteElo "1908"]
[BlackElo "1652"]
[Annotator "NA"]
[PlyCount "89"]
[EventDate "2018.10.31"]
[EventType "swiss"]
[EventCountry "GBR"]
[SourceTitle "playchess.com"]
[Source "ChessBase"]
[SourceQuality "1"]
[TimeControl "5400+30"]

1. e4 Nf6 2. Nc3 e5 3. Nf3 Bb4 4. Nxe5 Bxc3 5. dxc3 Qe7 6. Nf3 Qxe4+ 7. Qe2 O-O 8. Qxe4 Nxe4 9. Bd3 d5 10. O-O Nc5 11. Re1 Nxd3 12. cxd3 Bf5 13. Bf4 Na6 14. d4 Rfe8 15. h3 f6 16. g4 Be4 17. Nd2 Bg6 18. Nf1 Rxe1 19. Rxe1 Kf7 20. Kg2 Re8 21. Rxe8 Kxe8 22. b4 Kd7 23. Ne3 c6 24. h4 Nc7 25. Bxc7 Kxc7 26. h5 Bb1 27. a4 Bd3 28. Kg3 Kd6 29. Ng2 Bc2 30. a5 b6 31. axb6 axb6 32. Ne3 Bd3 33. Kf4 g5+ 34. hxg6 hxg6 35. g5 f5 36. Ng2 Be2 37. f3 Ke6 38. Nh4 Kf7 39. Ke5 Bb5 40. Kd6 Ba4 41. Kc7 f4 42. Kxb6 Ke6 43. Nxg6 Kf5 44. Nxf4 Kxg5 45. Nd3 1-0

[Event "1st 4NCL International U2050"]
[Site "Telford"]
[Date "2018.11.03"]
[Round "6"]
[White "Ansari, Athar"]
[Black "Stubbs, Oliver"]
[Result "1-0"]
[ECO "C02"]
[WhiteElo "1898"]
[BlackElo "1672"]
[Annotator "NA"]
[PlyCount "147"]
[EventDate "2018.10.31"]
[EventType "swiss"]
[EventCountry "GBR"]
[SourceTitle "playchess.com"]
[Source "ChessBase"]
[SourceQuality "1"]
[TimeControl "5400+30"]

1. e4 e6 2. d4 d5 3. e5 c5 4. Nf3 cxd4 5. Bd3 Nc6 6. O-O Bd7 7. Re1 Nb4 8. Nbd2 Nxd3 9. cxd3 Ne7 10. Nxd4 Nc6 11. Nxc6 bxc6 12. Qg4 f5 13. exf6 Qxf6 14. Nf3 Bd6 15. Bd2 O-O 16. Bc3 Qg6 17. Qxg6 hxg6 18. Rac1 Rfe8 19. Be5 Be7 20. Bd4 Bf6 21. Rc5 Rab8 22. b3 Rb4 23. Be5 Rb5 24. Rec1 Rc8 25. g4 g5 26. h3 Kf7 27. Bd4 Bxd4 28. Nxd4 Rxc5 29. Rxc5 Kf6 30. b4 Ke5 31. Nb3 Rb8 32. d4+ Kd6 33. a3 e5 34. dxe5+ Kxe5 35. Rc3 Rf8 36. Nc5 Kd6 37. Rd3 Re8 38. Kf1 Bc8 39. f3 Kc7 40. Kf2 Re7 41. Rc3 Kd6 42. Nb3 Bd7 43. Rd3 Bc8 44. Nc5 Kc7 45. Rd2 Re8 46. Rc2 Kd6 47. Nb3 Bd7 48. Nc1 Rh8 49. Kg3 Re8 50. Rc5 Re1 51. Rc3 Re8 52. Nd3 Bc8 53. a4 Bd7 54. Nc5 Rb8 55. Rb3 Re8 56. Kf2 Bc8 57. Rd3 Kc7 58. Re3 Rxe3 59. Kxe3 Kd6 60. Kd4 g6 61. Nd3 Bd7 62. a5 Be8 63. Ke3 Ke6 64. Kd4 Kd6 65. f4 gxf4 66. Nxf4 Bf7 67. h4 Be8 68. Nd3 Bf7 69. Nf4 Be8 70. h5 gxh5 71. gxh5 Bf7 72. h6 Bg8 73. Ng6 Bh7 74. Nf8 1-0

[Event "1st 4NCL International U2050"]
[Site "Telford"]
[Date "2018.11.03"]
[Round "6"]
[White "Gostelow, David W"]
[Black "De Coverly, Roger D"]
[Result "1/2-1/2"]
[ECO "A48"]
[WhiteElo "1892"]
[BlackElo "1946"]
[Annotator "NA"]
[PlyCount "93"]
[EventDate "2018.10.31"]
[EventType "swiss"]
[EventCountry "GBR"]
[SourceTitle "playchess.com"]
[Source "ChessBase"]
[SourceQuality "1"]
[TimeControl "5400+30"]

1. d4 Nf6 2. Bf4 c5 3. c3 b6 4. e3 Bb7 5. Nf3 g6 6. Be2 Bg7 7. Nbd2 O-O 8. a4 d6 9. h3 a6 10. O-O Nbd7 11. Bh2 Qc7 12. Qc2 Rac8 13. Rac1 Qb8 14. Qb3 Qa8 15. Rfe1 Rfe8 16. Bc4 d5 17. Bf1 Bc6 18. Qa3 Ne4 19. Nxe4 dxe4 20. Nd2 b5 21. axb5 axb5 22. Ra1 Qxa3 23. Rxa3 e5 24. Nb3 exd4 25. cxd4 c4 26. Nd2 Bf8 27. Ra7 Nb6 28. Rea1 Na4 29. Nxc4 bxc4 30. Bxc4 Re7 31. R7xa4 Bxa4 32. Rxa4 Rb7 33. Be5 Rxb2 34. Bd5 Bg7 35. Bg3 Rb5 36. Bxe4 h5 37. Ra7 Bf6 38. h4 Re8 39. Bd3 Rb4 40. Bd6 Rb2 41. Bc4 Rc8 42. Bxf7+ Kh8 43. Bg3 Rc1+ 44. Kh2 Rbb1 45. Be5 Rb6 46. Kg3 Rc2 47. Ra2 1/2-1/2

[Event "1st 4NCL International U2050"]
[Site "Telford"]
[Date "2018.11.03"]
[Round "6"]
[White "Hughes, Peter"]
[Black "Wilson, Matthew R"]
[Result "1/2-1/2"]
[ECO "D36"]
[WhiteElo "1874"]
[BlackElo "1820"]
[Annotator "NA"]
[PlyCount "66"]
[EventDate "2018.10.31"]
[EventType "swiss"]
[EventCountry "GBR"]
[SourceTitle "playchess.com"]
[Source "ChessBase"]
[SourceQuality "1"]
[TimeControl "5400+30"]

1. d4 Nf6 2. c4 e6 3. Nc3 d5 4. cxd5 exd5 5. Bg5 Be7 6. e3 c6 7. Bd3 Nbd7 8. Qc2 h6 9. Bh4 Nh5 10. Bxe7 Qxe7 11. Nge2 Nb6 12. O-O O-O 13. Rae1 Re8 14. Kh1 a6 15. Ng1 Be6 16. f4 Nf6 17. Nf3 Rad8 18. f5 Bc8 19. e4 dxe4 20. Nxe4 Nxe4 21. Rxe4 Qf6 22. Qe2 Rxe4 23. Qxe4 Nd5 24. Ne5 h5 25. Qf3 Qg5 26. Bc4 Rd6 27. h3 a5 28. Qf2 b5 29. Bxd5 cxd5 30. Qc2 Qd8 31. Qe2 Qh4 32. Qc2 Ba6 33. Qc7 Qf6 1/2-1/2

[Event "1st 4NCL International U2050"]
[Site "Telford"]
[Date "2018.11.03"]
[Round "6"]
[White "Ali, Golam S"]
[Black "Walley, A Clive"]
[Result "0-1"]
[ECO "E70"]
[WhiteElo "1859"]
[BlackElo "1846"]
[Annotator "NA"]
[PlyCount "158"]
[EventDate "2018.10.31"]
[EventType "swiss"]
[EventCountry "GBR"]
[SourceTitle "playchess.com"]
[Source "ChessBase"]
[SourceQuality "1"]
[TimeControl "5400+30"]

1. d4 Nf6 2. c4 g6 3. Nc3 Bg7 4. e4 d6 5. f4 O-O 6. Bd3 c5 7. d5 e6 8. f5 exf5 9. exf5 Re8+ 10. Nge2 Ng4 11. O-O Qh4 {[%emt 0:04:14] E70: King's Indian: Miscellaneous lines with 4 e4, including 5 Nge2 and 5 Bd3 0-0 6 Nge2} 12. h3 Ne3 13. Bxe3 Rxe3 14. Rf4 Qe7 15. fxg6 fxg6 16. Qd2 $146 ({Predecessor:} 16. Re4 Rxe4 17. Bxe4 Nd7 18. Qd2 Ne5 19. b3 {0-1 (27) Byerly,J-Harmon,C (2255) Seattle 1988}) 16... Bh6 17. Raf1 Bxf4 18. Rxf4 Re5 19. Ng3 Nd7 20. Nce4 b6 21. h4 Ba6 22. h5 Rf8 23. hxg6 hxg6 24. Rg4 g5 25. Nxg5 Nf6 26. Bh7+ Kh8 27. Rh4 Nxh7 28. Rxh7+ Qxh7 29. Nxh7 Kxh7 30. Qd3+ Kg7 31. Ne2 Rf6 32. Nf4 Bc8 33. Qf3 Kf7 34. g3 Bd7 35. a3 Rg5 36. b4 Kf8 37. bxc5 bxc5 38. Ne6+ Ke7 39. Qb3 Bxe6 40. dxe6 Kxe6 41. Qe3+ Re5 42. Qc3 Rg6 43. Qa5 Reg5 44. Qxa7 Rxg3+ 45. Kf2 Ke5 46. Qe7+ Kd4 47. a4 Kxc4 48. Qb7 Rg2+ 49. Kf3 R6g3+ 50. Kf4 Rg4+ 51. Kf3 d5 52. a5 R2g3+ 53. Kf2 Rb3 54. Qc7 Rd4 55. a6 Rd2+ 56. Ke1 Ra2 57. Qf4+ d4 58. Qc1+ Kb5 59. Qd1 Rba3 60. Qb1+ Kxa6 61. Qg6+ Kb5 62. Qe8+ Kb4 63. Qb8+ Kc3 64. Qg3+ d3 65. Qe5+ Kb4 66. Qb8+ Kc4 67. Qg8+ Kc3 68. Qg7+ Kc2 69. Qg2+ Kc1 70. Qg5+ d2+ 71. Ke2 Rc2 72. Kf1 c4 73. Qf4 Kb2 74. Qb8+ Rb3 75. Qh8+ Kb1 76. Ke2 Rd3 77. Qb8+ Kc1 78. Qf4 Kb1 79. Qb8+ Rb2 0-1

[Event "1st 4NCL International U2050"]
[Site "Telford"]
[Date "2018.11.03"]
[Round "6"]
[White "Zdanowski, Adrian"]
[Black "Gogia, Armaan"]
[Result "1-0"]
[ECO "E97"]
[WhiteElo "1845"]
[BlackElo "1808"]
[Annotator "NA"]
[PlyCount "75"]
[EventDate "2018.10.31"]
[EventType "swiss"]
[EventCountry "GBR"]
[SourceTitle "playchess.com"]
[Source "ChessBase"]
[SourceQuality "1"]
[TimeControl "5400+30"]

1. Nf3 d6 2. d4 Nf6 3. c4 g6 4. Nc3 Bg7 5. e4 O-O 6. Be2 e5 7. O-O Nc6 8. d5 Ne7 9. b4 a5 10. Ba3 Nd7 11. Rc1 b6 12. Qc2 h6 13. Nd2 f5 14. bxa5 Rxa5 15. Bb4 Ra8 16. Nb5 Nf6 17. f3 f4 18. a4 g5 19. Ra1 h5 20. a5 bxa5 21. Rxa5 Rb8 22. Ra7 c6 23. Ba5 Qe8 24. Nxd6 Qg6 25. Rxe7 Nxd5 26. cxd5 Qxd6 27. Bc7 Qxe7 28. Bxb8 cxd5 29. Ra1 dxe4 30. Nxe4 Bf5 31. Qb3+ Kh8 32. Bd6 Qd8 33. Rd1 Re8 34. Bxe5 Qe7 35. Bxg7+ Qxg7 36. Qd5 Bxe4 37. fxe4 g4 38. Qxh5+ 1-0

[Event "1st 4NCL International U2050"]
[Site "Telford"]
[Date "2018.11.03"]
[Round "6"]
[White "Di-Vetta, Andrew"]
[Black "Chen, Daniel Xingyu"]
[Result "0-1"]
[ECO "B31"]
[WhiteElo "1681"]
[BlackElo "1258"]
[Annotator "NA"]
[PlyCount "110"]
[EventDate "2018.10.31"]
[EventType "swiss"]
[EventCountry "GBR"]
[SourceTitle "playchess.com"]
[Source "ChessBase"]
[SourceQuality "1"]
[TimeControl "5400+30"]

1. e4 c5 2. Nc3 Nc6 3. Nf3 g6 4. Bb5 Bg7 5. O-O e6 6. Re1 Nge7 7. d3 a6 8. Bxc6 Nxc6 9. Bf4 O-O 10. Bd6 Re8 11. e5 b6 12. Ne4 Bb7 13. c3 Ne7 14. Nfd2 Nc6 15. f4 Ne7 16. Qe2 Nd5 17. Qf2 Bc6 18. a3 f5 19. exf6 Nxf6 20. Nxf6+ Qxf6 21. Nc4 Qf5 22. Rad1 Qd5 23. Bc7 Ra7 24. Bxb6 Rb7 25. Bxc5 Bf8 26. Re5 Bxc5 27. Rxd5 Bxf2+ 28. Kxf2 Bxd5 29. Rd2 Bxc4 30. dxc4 Rd8 31. b4 Rc7 32. Rd4 Kf7 33. Ke3 Ke7 34. g4 Rdc8 35. Kd3 Rc6 36. c5 d6 37. cxd6+ Rxd6 38. Rxd6 Kxd6 39. c4 a5 40. Kd4 Rf8 41. c5+ Kc6 42. Ke5 axb4 43. axb4 Rb8 44. h4 Rxb4 45. h5 gxh5 46. gxh5 Kxc5 47. h6 Rd4 48. Kf6 Rxf4+ 49. Kg7 Rh4 50. Kxh7 Rxh6+ 51. Kxh6 Kd4 52. Kg5 e5 53. Kg4 e4 54. Kg3 Ke3 55. Kg2 Kd4 0-1

[Event "1st 4NCL International U2050"]
[Site "Telford"]
[Date "2018.11.03"]
[Round "6"]
[White "Burgoyne, Peter A"]
[Black "Bryant, Richard B E"]
[Result "1-0"]
[ECO "C00"]
[WhiteElo "1665"]
[BlackElo "1854"]
[Annotator "NA"]
[PlyCount "109"]
[EventDate "2018.10.31"]
[EventType "swiss"]
[EventCountry "GBR"]
[SourceTitle "playchess.com"]
[Source "ChessBase"]
[SourceQuality "1"]
[TimeControl "5400+30"]

1. e4 e6 2. Nf3 d5 3. e5 c5 4. b4 cxb4 5. d4 Nc6 6. a3 Bd7 7. axb4 Bxb4+ 8. c3 Be7 9. Bd3 f5 10. h4 g6 11. g4 Qb6 12. gxf5 gxf5 13. Ng5 h5 14. Be2 Nh6 15. Bxh5+ Kf8 16. Nh3 Nf7 17. Nf4 Ke8 18. Rg1 Bf8 19. Rg6 Ne7 20. Rf6 Rh7 21. Bxf7+ Kd8 22. Nxe6+ Bxe6 23. Rxe6 Qc7 24. Rd6+ Kc8 25. Be6+ Kb8 26. Qf3 Rxh4 27. Bg5 Re4+ 28. Kd2 Nc6 29. Bxf5 Nxd4 30. cxd4 Rxd4+ 31. Bd3 Bxd6 32. exd6 Qxd6 33. Qg3 Kc7 34. Nc3 Qxg3 35. fxg3 Rg4 36. Bf4+ Kc6 37. Rc1 Rgg8 38. Be2 Rad8 39. Nb5+ Kd7 40. Rc7+ Ke6 41. Nd4+ Kf6 42. Rxb7 Ra8 43. Bh5 Rg7 44. Rb5 Rd8 45. Nf3 Kf5 46. Nd4+ Ke4 47. Ne6 Rxg3 48. Bxg3 Rg8 49. Rb3 Kf5 50. Nd4+ Kg5 51. Bf3 Kf6 52. Bf2 Ke5 53. Nc6+ Kd6 54. Nxa7 Ra8 55. Rd3 1-0

[Event "1st 4NCL International U2050"]
[Site "Telford"]
[Date "2018.11.03"]
[Round "6"]
[White "Parry, Jacques"]
[Black "Towers, Nigel S"]
[Result "1/2-1/2"]
[ECO "E11"]
[WhiteElo "1625"]
[BlackElo "1843"]
[Annotator "NA"]
[PlyCount "100"]
[EventDate "2018.10.31"]
[EventType "swiss"]
[EventCountry "GBR"]
[SourceTitle "playchess.com"]
[Source "ChessBase"]
[SourceQuality "1"]
[TimeControl "5400+30"]

1. d4 Nf6 2. c4 e6 3. Nf3 Bb4+ 4. Nbd2 O-O 5. a3 Bxd2+ 6. Nxd2 d6 7. Nf3 Nbd7 8. g3 Ne4 9. Bg2 f5 10. O-O Ndf6 11. Nd2 Qe7 12. f3 Nxd2 13. Bxd2 Re8 14. Bc3 e5 15. dxe5 dxe5 16. Bb4 c5 17. Bc3 Rd8 18. Qc2 g6 19. Rad1 Bd7 20. Rd2 Bc6 21. Rfd1 Rxd2 22. Qxd2 Re8 23. Qd6 Kf7 24. Qxe7+ Rxe7 25. b3 e4 26. Bxf6 Kxf6 27. f4 Rd7 28. Rxd7 Bxd7 29. a4 b6 30. e3 Ke6 31. Kf2 Kd6 32. Ke1 Kc7 33. Kd2 Kb7 34. Kc3 Ka6 35. Kb2 Ka5 36. Ka3 a6 37. Bf1 b5 38. axb5 axb5 39. Be2 b4+ 40. Kb2 Kb6 41. Kc1 Kc7 42. Kd2 Kd6 43. Ke1 Ke7 44. Kf2 Kf6 45. Kg2 h6 46. Kf2 g5 47. Kg2 Be8 48. Kf2 Bd7 49. Kg2 Kg7 50. Kf2 Kf6 1/2-1/2

[Event "1st 4NCL International U2050"]
[Site "Telford"]
[Date "2018.11.03"]
[Round "6"]
[White "Aubury, Benjamin"]
[Black "Gorgun, Aliriza Atif"]
[Result "0-1"]
[ECO "E73"]
[WhiteElo "1566"]
[BlackElo "1739"]
[Annotator "NA"]
[PlyCount "80"]
[EventDate "2018.10.31"]
[EventType "swiss"]
[EventCountry "GBR"]
[SourceTitle "playchess.com"]
[Source "ChessBase"]
[SourceQuality "1"]
[TimeControl "5400+30"]

1. d4 Nf6 2. c4 g6 3. Nc3 Bg7 4. e4 d6 5. Be2 O-O 6. h4 c5 7. d5 e6 8. h5 exd5 9. exd5 Re8 10. Kf1 Ne4 11. Nxe4 Rxe4 12. Bd3 Re8 13. Nh3 Nd7 14. hxg6 fxg6 15. Ng5 Nf6 16. Nxh7 Nxh7 17. Bxg6 Nf6 18. Bxe8 Qxe8 19. a4 Qg6 20. Rh4 Bg4 21. f3 Rf8 22. Kg1 Ne4 23. Rxg4 Qxg4 24. fxg4 Bd4+ 25. Qxd4 cxd4 26. Bh6 Rf6 27. g5 Rf4 28. g6 Rg4 29. Re1 d3 30. Re3 Rh4 31. g3 d2 32. Rd3 Rxh6 33. Kf1 Rh1+ 34. Ke2 Re1+ 35. Kf3 d1=Q+ 36. Rxd1 Rxd1 37. Kxe4 Kg7 38. Kf5 Re1 39. c5 Re5+ 40. Kf4 Rxd5 0-1

[Event "1st 4NCL International U2050"]
[Site "Telford"]
[Date "2018.11.03"]
[Round "7"]
[White "De Coverly, Roger D"]
[Black "Aubury, Benjamin"]
[Result "1-0"]
[ECO "B11"]
[WhiteElo "1946"]
[BlackElo "1566"]
[Annotator "NA"]
[PlyCount "65"]
[EventDate "2018.10.31"]
[EventType "swiss"]
[EventCountry "GBR"]
[SourceTitle "playchess.com"]
[Source "ChessBase"]
[SourceQuality "1"]
[TimeControl "5400+30"]

1. e4 c6 2. Nc3 d5 3. Nf3 Bg4 4. h3 Bxf3 5. Qxf3 Nf6 6. d3 e6 7. Be2 Nbd7 {[%emt 0:01:32] B11: Caro-Kann: Two Knights Variation} 8. O-O (8. Qg3 g6 9. h4 h5 10. O-O Bg7 11. Bf4 Qb6 12. Rab1 Rc8 13. Bf3 Bh6 14. Bxh6 Rxh6 15. Rfe1 {1-0 (30) Mamedov,R (2709)-Dreev,A (2653) Riadh 2017}) 8... Bb4 9. Qg3 Bxc3 10. bxc3 dxe4 11. Qxg7 Rg8 12. Qh6 Qa5 13. Bd2 exd3 $146 ({Predecessor:} 13... O-O-O 14. c4 Qf5 15. Qe3 Rg6 16. dxe4 Nxe4 {½-½ (26) Soloviev,V-Flohr,S Moscow (Russia) 1955}) 14. cxd3 Qd5 15. g3 Rg6 16. Qe3 Qf5 17. Kh2 Nd5 18. Qf3 Qxf3 19. Bxf3 Ne5 20. Be2 Nf6 21. f4 Ned7 22. g4 e5 23. g5 Nd5 24. Bh5 Rg7 25. fxe5 Nxe5 26. Rae1 O-O-O 27. Rxe5 Nb6 28. Bg4+ Kb8 29. Bf4 Ka8 30. d4 Nc4 $18 31. Re7 a5 32. Be5 Rxg5 33. Rfxf7 1-0

[Event "1st 4NCL International U2050"]
[Site "Telford"]
[Date "2018.11.03"]
[Round "7"]
[White "Truman, Richard G"]
[Black "Gostelow, David W"]
[Result "1/2-1/2"]
[ECO "D15"]
[WhiteElo "1902"]
[BlackElo "1892"]
[Annotator "NA"]
[PlyCount "46"]
[EventDate "2018.10.31"]
[EventType "swiss"]
[EventCountry "GBR"]
[SourceTitle "playchess.com"]
[Source "ChessBase"]
[SourceQuality "1"]
[TimeControl "5400+30"]

1. d4 d5 2. c4 c6 3. Nf3 Nf6 4. Nc3 Bf5 5. cxd5 Nxd5 6. Nh4 {[%emt 0:34:47] D15: Slav Defence: 4 Nc3 a6 and gambit lines after 4 Nc3 dxc4} (6. e3 e6 7. Bc4 Bg6 8. Ne5 Nd7 9. Nxg6 hxg6 10. g3 N5b6 11. Bb3 Qg5 12. e4 Qh5 13. Be3 Qxd1+ 14. Rxd1 Nf6 15. Ke2 {1-0 (31) Kuzubov,Y (2636)-Radibratovic,P (2327) Kragujevac 2015}) 6... e6 $146 ({Predecessor:} 6... Bc8 7. e4 Nxc3 8. bxc3 e5 9. Nf3 exd4 10. cxd4 Bb4+ 11. Bd2 Qa5 12. Rb1 Bxd2+ 13. Qxd2 Qxd2+ 14. Kxd2 {1-0 (34) Pileckis,E (2457)-Labeckas,K (2348) Vilnius 2014}) 7. Nxf5 exf5 8. g3 Na6 9. Bg2 Nac7 10. O-O g6 11. e4 fxe4 12. Nxe4 Bg7 13. Nc5 Rb8 14. Re1+ Kf8 15. h4 h6 16. Bh3 Kg8 17. Nd7 Ra8 18. Ne5 Qd6 $1 19. h5 Bxe5 20. dxe5 Qe7 21. Qg4 Kh7 22. Bd2 Rhg8 $16 23. Rad1 Rae8 1/2-1/2

[Event "1st 4NCL International U2050"]
[Site "Telford"]
[Date "2018.11.03"]
[Round "7"]
[White "Ansari, Athar"]
[Black "Somton, Anita"]
[Result "0-1"]
[ECO "B18"]
[WhiteElo "1898"]
[BlackElo "1795"]
[Annotator "NA"]
[PlyCount "50"]
[EventDate "2018.10.31"]
[EventType "swiss"]
[EventCountry "GBR"]
[SourceTitle "playchess.com"]
[Source "ChessBase"]
[SourceQuality "1"]
[TimeControl "5400+30"]

1. e4 c6 2. d4 d5 3. Nc3 dxe4 4. Nxe4 Bf5 5. Ng3 Bg6 6. Nf3 Nd7 7. Be2 e6 8. O-O Bd6 9. Nd2 Ngf6 10. f4 O-O 11. Nc4 Bc7 12. Ne5 Nxe5 13. fxe5 Nd5 14. c3 {[%emt 0:01:40] [#]} c5 $1 15. Bf3 cxd4 16. cxd4 Bb6 17. Be4 Rc8 18. Bxg6 fxg6 $19 19. Rxf8+ Qxf8 20. Qg4 Rc2 21. Ne2 h5 22. Qxe6+ Kh7 23. Qxd5 Rxe2 24. Be3 Rxe3 25. Qc4 Rxe5 0-1

[Event "1st 4NCL International U2050"]
[Site "Telford"]
[Date "2018.11.03"]
[Round "7"]
[White "Bryant, Richard B E"]
[Black "Ward, Andrew"]
[Result "1-0"]
[ECO "B07"]
[WhiteElo "1854"]
[BlackElo "1790"]
[Annotator "NA"]
[PlyCount "67"]
[EventDate "2018.10.31"]
[EventType "swiss"]
[EventCountry "GBR"]
[SourceTitle "playchess.com"]
[Source "ChessBase"]
[SourceQuality "1"]
[TimeControl "5400+30"]

1. e4 d6 2. d4 Nf6 3. Nc3 Nbd7 4. f4 e5 {[%emt 0:00:00] B07: Pirc-Ufimzew-Verteidigung} 5. dxe5 (5. Nf3 exd4 6. Nxd4 g6 7. Be2 Bg7 8. O-O O-O 9. Bf3 Re8 10. h3 c6 11. Kh1 Qc7 12. a4 a5 13. b3 Nc5 14. Re1 {0-1 (30) Volokitin,A (2628)-Bortnyk,O (2610) Riadh 2017}) 5... dxe5 6. Nf3 Bb4 ({Black should play} 6... Bd6 $11) 7. fxe5 Nxe4 8. Qd4 Bxc3+ 9. bxc3 Nec5 10. Ba3 $146 ({Vorgänger:} 10. Bg5 Ne6 11. Bxd8 Nxd4 12. cxd4 Kxd8 {1-0 (26) Arp,F (2091)-Broekmeulen,J (1999) Roosendaal 2012}) 10... Ne6 11. Qe3 c5 12. Bd3 Qa5 13. Bb2 Qb6 14. Rb1 c4 15. Qxb6 Nxb6 16. Bf5 Ng5 (16... O-O $15) 17. Nd4 O-O 18. O-O Re8 19. Rbe1 Na4 20. Bc1 Ne6 21. Nb5 Rd8 22. Nd6 Nxc3 23. Rf3 $11 (23. Bb2 $16 Na4 24. Ba3) 23... Nd5 24. Be4 Nb6 25. Nxf7 Rf8 26. Ref1 Bd7 27. Bxb7 Rab8 28. Ba3 Nd4 29. Nh6+ gxh6 30. Rf4 Rf7 31. Rxf7 Rc8 32. Rf8+ Rxf8 33. Rxf8+ Kg7 34. Rf2 1-0